 Dungeon Sprint DCSS version 0.32-a0-433-g08bcfe7efd (webtiles) character file.

Game seed: 4988505482032918142

1794 rocky1 the Bludgeoner (level 8, -4/117 HPs)
             Began as a Mountain Dwarf Fighter on Feb 23, 2024.
             Was a Priest of Okawaru.
             Slain by a tyrant leech (16 damage)
             ... in the Dungeon (Sprint VII: "The Pits").
             The game lasted 00:04:13 (1050 turns).

rocky1 the Bludgeoner (Mountain Dwarf Fighter)      Turns: 1050, Time: 00:04:14

Health: -4/117     AC: 19    Str: 20    XL:     8   Next: 82%
Magic:  14/14      EV:  6    Int: 10    God:    Okawaru [***...]
Gold:   0          SH:  5    Dex:  9    Spells: 7/7 levels left

rFire   . . .        k - +0 morningstar
rCold   . . .        c - +0 buckler
rNeg    . . .        w - +3 plate armour
rPois   .            (no helmet)
rElec   .            u - +0 cloak
rCorr   .            (no gloves)
SInv    .            v - +0 pair of boots
Will    .....        (no amulet) Stlth
                     (no ring)
HPRegen 0.39/turn    (no ring)
MPRegen 0.14/turn

%: no teleportation
@: berserking, very quick
A: runic magic, artefact enchanting
a: Renounce Religion, Heroism


You were in the Dungeon.
You worshipped Okawaru.
Okawaru was most pleased with you.
You visited 1 branch

Inventory:

Hand Weapons
 a - a +0 flail
 k - a +0 morningstar (weapon)
 t - a +1 heavy broad axe
Armour
 b - a +0 scale mail
 c - a +0 buckler (worn)
 p - a +3 chain mail
 u - a +0 cloak (worn)
 v - a +0 pair of boots (worn)
 w - a +3 plate armour (worn)
Jewellery
 q - a +3 ring of dexterity
 r - a +3 ring of strength
Scrolls
 j - a scroll of blinking
 m - 2 scrolls of vulnerability
 n - 5 scrolls of amnesia
 o - a scroll of butterflies
Potions
 d - 2 potions of might
 e - 8 potions of curing
 f - 10 potions of heal wounds
 g - 4 potions of haste
 h - 4 potions of magic
 i - 3 potions of berserk rage
 l - 2 potions of invisibility
 s - a potion of brilliance


   Skills:
 + Level 9.2 Fighting
 * Level 16.0 Maces & Flails
 + Level 9.0 Armour
 + Level 2.1 Dodging
 + Level 7.8 Shields
 * Level 8.4 Invocations


You had 7 spell levels left.
You didn't know any spells.
Your spell library was empty.

Dungeon Overview and Level Annotations

Branches:
Dungeon (1/1)

Altars:
Ashenzari
Cheibriados
Dithmenos
Elyvilon
Fedhas
Gozag
Hepliaklqana
Kikubaaqudgha
Makhleb
Nemelex Xobeh
Okawaru
Qazlal
Ru
Sif Muna
Trog
Uskayaw
Vehumet
Wu Jian
Xom
Yredelemnul
Zin
The Shining One
Beogh
Jiyva
Lugonu


Innate Abilities, Weirdness & Mutations

Your spellcasting is much less encumbered by armour.
You can use scrolls of enchantment on lesser artefacts.


Message History

Okawaru accepts your kill.
There is a huge open gate to the Metal Vault (Medium) here.
There is a huge open gate to the Metal Vault (Medium) here.
No target in view!
The tyrant leech bites you!!
The tyrant leech draws strength from your injuries!
There is an open gate, spattered with blood here.
You barely miss the tyrant leech.
You hit the tyrant leech but do no damage.
The tyrant leech bites you!
The tyrant leech draws strength from your injuries!
You hit the tyrant leech.
The tyrant leech is lightly wounded.
You sock the tyrant leech!
The tyrant leech is moderately wounded.
The tyrant leech bites you!
The tyrant leech draws strength from your injuries!
You miss the tyrant leech.
The tyrant leech is lightly wounded.
A red film seems to cover your vision as you go berserk!
You feel yourself moving faster!
You feel mighty! The tyrant leech bites you!!
* * * LOW HITPOINT WARNING * * *
The tyrant leech draws strength from your injuries!
You hit the tyrant leech but do no damage.
The tyrant leech closely misses you.
You hit the tyrant leech but do no damage.
You impale the tyrant leech!!
The tyrant leech is heavily wounded.
You closely miss the tyrant leech.
The tyrant leech is heavily wounded.
The tyrant leech bites you!
* * * LOW HITPOINT WARNING * * *
The tyrant leech draws strength from your injuries!
You closely miss the tyrant leech.
The tyrant leech is heavily wounded.
You feel like a meek peon again.
You puncture the tyrant leech!
The tyrant leech is heavily wounded.
The tyrant leech bites you!
You die...

#..##................#
)..#####'#####''######
#+###.......##''#
...##.......##..#
...##.......##..#
#####...<...##..####
)..##.......##..#..###
)..##.......##..#w...##
#####.......##..@.....#
#..###########..'.....+
#.############..'.....#
#.#....#..[.##..#....##
#)#....#....##..#..###
#.)....'...)##..####
#รท#....#..))##..#
'.#....#..))##..#
#################


You could see a tyrant leech.

Vanquished Creatures
  A flayed ghost (D)
  An orc sorcerer (D)
  A cane toad (D)
  Duvessa (D)
  A black bear (D)
  A centaur (D)
  A scorpion (D)
  Dowan (D)
  3 crimson imps (D)
  A jelly (D)
  A quasit (D)
  An iguana (D)
  2 gnolls (D)
  A river rat (D)
  An adder (D)
  A white imp (D)
  A ribbon worm (D)
  2 orcs (D)
  A ball python (D)
  A bat zombie (D)
  A hobgoblin (D)
  2 rats (D)
27 creatures vanquished.

Notes
Turn   | Place    | Note
-------+----------+-------------------------------------------
     0 | D        | rocky1 the Mountain Dwarf Fighter began the quest for the
                  | Orb.
     0 | D        | Reached XP level 1. HP: 19/19 MP: 1/1
    51 | D        | Found a bloodstained altar of Trog.
    51 | D        | Found a shimmering blue altar of Sif Muna.
    51 | D        | Found a viscous altar of Jiyva.
    51 | D        | Found a hazy altar of Hepliaklqana.
    51 | D        | Found an opulent altar of Gozag.
    52 | D        | Found a glowing golden altar of the Shining One.
    52 | D        | Found a glowing silver altar of Zin.
    52 | D        | Found a basalt altar of Yredelemnul.
    52 | D        | Found a shimmering altar of Xom.
    52 | D        | Found an ornate altar of the Wu Jian Council.
    52 | D        | Found a sacrificial altar of Ru.
    52 | D        | Found a stormy altar of Qazlal.
    52 | D        | Found an iron altar of Okawaru.
    52 | D        | Found a sparkling altar of Nemelex Xobeh.
    52 | D        | Found a burning altar of Makhleb.
    52 | D        | Found a blossoming altar of Fedhas.
    52 | D        | Found a white marble altar of Elyvilon.
    52 | D        | Found a shadowy altar of Dithmenos.
    52 | D        | Found a snail-covered altar of Cheibriados.
    55 | D        | Found a corrupted altar of Lugonu.
    55 | D        | Found a radiant altar of Vehumet.
    55 | D        | Found a roughly hewn altar of Beogh.
    56 | D        | Found an ancient bone altar of Kikubaaqudgha.
    56 | D        | Found a hide-covered altar of Uskayaw.
    56 | D        | Found a broken altar of Ashenzari.
    60 | D        | Became a worshipper of Warmaster Okawaru
   127 | D        | Reached skill level 3 in Maces & Flails
   127 | D        | Reached XP level 2. HP: 10/28 MP: 2/2
   313 | D        | Reached skill level 5 in Fighting
   313 | D        | Reached skill level 4 in Maces & Flails
   313 | D        | Reached XP level 3. HP: 36/36 MP: 3/3
   315 | D        | Noticed a black bear
   316 | D        | Noticed a scorpion
   320 | D        | Killed a black bear
   320 | D        | Reached * piety under Okawaru
   321 | D        | Reached skill level 6 in Maces & Flails
   321 | D        | Reached skill level 5 in Armour
   321 | D        | Reached skill level 5 in Shields
   321 | D        | Reached XP level 4. HP: 44/44 MP: 4/4
   325 | D        | Killed a scorpion
   326 | D        | Reached skill level 7 in Maces & Flails
   326 | D        | Reached XP level 5. HP: 51/51 MP: 5/5
   442 | D        | Reached skill level 8 in Maces & Flails
   442 | D        | Reached skill level 1 in Dodging
   442 | D        | Reached skill level 1 in Invocations
   456 | D        | Reached skill level 9 in Maces & Flails
   456 | D        | Reached XP level 6. HP: 52/60 MP: 4/8
   602 | D        | Noticed a cane toad
   611 | D        | Killed a cane toad
   611 | D        | Reached ** piety under Okawaru
   612 | D        | Reached skill level 12 in Maces & Flails
   612 | D        | Reached skill level 5 in Invocations
   612 | D        | Reached XP level 7. HP: 58/68 MP: 6/11
   614 | D        | Noticed Duvessa
   614 | D        | Noticed Dowan
   618 | D        | Killed Dowan
   628 | D        | Killed Duvessa
   838 | D        | Noticed an orc sorcerer
   850 | D        | Killed an orc sorcerer
   850 | D        | Reached *** piety under Okawaru
   851 | D        | Reached skill level 14 in Maces & Flails
   851 | D        | Reached XP level 8. HP: 53/75 MP: 9/13
   996 | D        | Noticed a flayed ghost
   996 | D        | Noticed a tyrant leech
  1019 | D        | Killed a flayed ghost
  1020 | D        | Reached skill level 16 in Maces & Flails
  1050 | D        | Slain by a tyrant leech

Illustrated notes

Levels and vault maps discovered:
D:        pitsprint [storerooms_1, entrance_room_1, metal_vault_1, armoury_2,
          mini_pit_1, grid_room_1, main_hall_1, silver_pit, the_coven_1,
          the_vestibule_1, steel_vault_1, golden_pit, hallway_of_sentries,
          crystal_vault_4, iron_vault_2, final_vault]

Skill      XL: |  1  2  3  4  5  6  7  8 |
---------------+-------------------------+-----
Fighting       | 4 5 6 7 8 9 |  9.2
Maces & Flails | 3 4 6 7 9 12 14 16 | 16.0
Armour         | 4 5 6 7 8 9 |  9.0
Shields        | 4 5 6 7 |  7.8
Dodging        | 1 2 |  2.1
Invocations    | 2 5 7 8 |  8.4

Action                     |  1- 3 |  4- 6 |  7- 9 || total
---------------------------+-------+-------+-------++-------
  Melee: Morningstar       |    16 |    39 |    52 ||   107
         Flail             |     6 |       |       ||     6
 Invoke: Heroism           |       |     2 |     2 ||     4
    Use: Potion            |     1 |       |     1 ||     2
 Armour: Scale mail        |    19 |     1 |       ||    20
         Chain mail        |       |    24 |    16 ||    40
         Plate armour      |       |       |    14 ||    14
  Dodge: Dodged            |     6 |    13 |    12 ||    31
  Block: Buckler           |     4 |     8 |     9 ||    21

Table legend: (Time is in decaauts)
 A = Elapsed time spent in this place.
 B = Non-inter-level travel time spent in this place.
 C = Inter-level travel time spent in this place.
 D = Time resting spent in this place.
 E = Time spent auto-exploring this place.
 F = Levels seen in this place.
 G = Mean time per level.
                   A        B        C        D        E       F      G
               +--------+--------+--------+--------+--------+-----+--------+
         Total |   1046 |    991 |     55 |    598 |      0 |   1 | 1046.0 |
       Dungeon |   1046 |    991 |     55 |    598 |      0 |   1 | 1046.0 |
               +--------+--------+--------+--------+--------+-----+--------+

Top non-repeatable levels by time:
       D: 1046 daAuts
